[ PARTIDA AOE2 · #475510258 ]
UnrankedMalíes vs Vietnamese
[ ANÁLISIS DE REPETICIÓN · EXTRAÍDO DE LA PARTIDA GRABADA ]
Feudal
13:18
Castillos
17:13
Imperial
32:57
| APM promedio | 23.1 |
| APM pico | 46 |
| eAPM promedio | 15.8 |
| Aldeanos / militares | 141 / 305 |
Foco
⚔️ 28.6% · 🌾 71.4%
Knight ×171 · Scout Cavalry ×125 · Fishing Ship ×10 · Camel Scout ×8 · Monk ×1
Feudal
9:34
Castillos
20:42
Imperial
44:05
| APM promedio | 52.6 |
| APM pico | 145 |
| eAPM promedio | 33.0 |
| Aldeanos / militares | 285 / 74 |
Foco
⚔️ 28.8% · 🌾 71.2%
Skirmisher ×71 · Mangonel ×3 · Fishing Ship ×2
Feudal
10:40
Castillos
21:22
Imperial
31:21
| APM promedio | 36.0 |
| APM pico | 78 |
| eAPM promedio | 20.0 |
| Aldeanos / militares | 155 / 52 |
Foco
⚔️ 34.8% · 🌾 65.2%
Fishing Ship ×47 · Skirmisher ×27 · Rattan Archer ×25
Feudal
10:51
Castillos
14:21
Imperial
27:20
| APM promedio | 39.3 |
| APM pico | 76 |
| eAPM promedio | 24.7 |
| Aldeanos / militares | 167 / 7 |
Foco
⚔️ 33.1% · 🌾 66.9%
Unknown (882) ×595 · Fishing Ship ×12 · Spearman ×5 · Monk ×1 · Mangonel ×1
Feudal
11:24
Castillos
15:24
Imperial
27:59
| APM promedio | 51.7 |
| APM pico | 112 |
| eAPM promedio | 32.7 |
| Aldeanos / militares | 266 / 282 |
Foco
⚔️ 46.1% · 🌾 53.9%
Archer ×140 · Skirmisher ×108 · Spearman ×15 · Fishing Ship ×13 · Bombard Cannon ×13 · Hussite Wagon ×3
Feudal
—
Castillos
—
Imperial
—
| APM promedio | 31.9 |
| APM pico | 61 |
| eAPM promedio | 23.2 |
| Aldeanos / militares | 163 / 293 |
Foco
⚔️ 47.2% · 🌾 52.8%
Kamayuk ×286 · Fishing Ship ×12 · Trebuchet (Packed) ×4 · Mangonel ×3
Feudal
11:33
Castillos
15:33
Imperial
29:58
| APM promedio | 38.6 |
| APM pico | 77 |
| eAPM promedio | 22.2 |
| Aldeanos / militares | 148 / 236 |
Foco
⚔️ 39.4% · 🌾 60.6%
Scout Cavalry ×95 · Cavalry Archer ×55 · Janissary ×50 · Bombard Cannon ×24 · Trade Cart ×11 · Fishing Ship ×8
Feudal
12:36
Castillos
18:11
Imperial
22:19
| APM promedio | 61.5 |
| APM pico | 96 |
| eAPM promedio | 33.0 |
| Aldeanos / militares | 167 / 282 |
Foco
⚔️ 42.3% · 🌾 57.7%
Archer ×175 · Cataphract ×87 · Fishing Ship ×17 · Bombard Cannon ×15 · Militia ×2 · Trebuchet (Packed) ×2
Mapa de la partida
Recursos iniciales + cada clic de construcción. Líneas = muros · curvas = relieve. ◆ oro · ⬟ piedra · ● bayas · ✦ reliquia · ◌ hueco del cierre
Tu base· Abierta — el rival se encerró
Base de IamAlextremo· ✓ Cerrada en 20:42 · 18t muro · 1 puerta(s)
Base de Rabanito· ✓ Cerrada en 21:22 · 58t muro · sin puerta
Base de Jill mento· Abierta — el rival se encerró
Base de NoSoyNobu· ✓ Cerrada en 15:24 · 1t muro · sin puerta
Base de GroomingJewel84· ✓ Cerrada en 16:45 · 95t muro · sin puerta
Base de lemon tea· Abierta — el rival se encerró
Base de Gimli The Dwarf· ✓ Cerrada en 18:11 · 3t muro · sin puerta
Terreno inicial suavizado · ◌ = hueco del cierre detectado · pasá el cursor para detalles
Inputs por minuto
— ArfGran - - IamAlextremo
Build order — ArfGran
Primeras 150 de 439 acciones detectadas
| 0:01 | Crear | Villager (Male) |
| 0:01 | Crear | Villager (Male) |
| 0:02 | Crear | Villager (Male) |
| 0:03 | Construir | House |
| 0:05 | Construir | House |
| 0:23 | Crear | Villager (Male) |
| 0:24 | Crear | Villager (Male) |
| 1:34 | Crear | Villager (Male) |
| 1:34 | Crear | Villager (Male) |
| 2:06 | Crear | Villager (Male) |
| 2:06 | Crear | Villager (Male) |
| 2:09 | Construir | Lumber Camp |
| 2:22 | Crear | Villager (Male) |
| 2:22 | Crear | Villager (Male) |
| 2:49 | Crear | Villager (Male) |
| 2:50 | Crear | Villager (Male) |
| 3:11 | Crear | Villager (Male) |
| 3:12 | Crear | Villager (Male) |
| 3:30 | Construir | House |
| 3:42 | Crear | Villager (Male) |
| 3:59 | Crear | Villager (Male) |
| 4:34 | Crear | Villager (Male) |
| 4:34 | Crear | Villager (Male) |
| 4:48 | Construir | House |
| 5:06 | Crear | Villager (Male) |
| 5:06 | Crear | Villager (Male) |
| 5:37 | Construir | House |
| 5:39 | Construir | Dock |
| 5:44 | Crear | Villager (Male) |
| 5:44 | Crear | Villager (Male) |
| 6:28 | Construir | Mill |
| 6:40 | Crear | Villager (Male) |
| 6:40 | Crear | Villager (Male) |
| 6:43 | Construir | House |
| 6:55 | Crear | Fishing Ship |
| 7:10 | Construir | Lumber Camp |
| 7:17 | Construir | Lumber Camp |
| 7:27 | Crear | Villager (Male) |
| 7:36 | Crear | Fishing Ship |
| 7:51 | Crear | Villager (Male) |
| 8:09 | Crear | Villager (Male) |
| 8:17 | Crear | Fishing Ship |
| 8:21 | Construir | House |
| 8:35 | Crear | Villager (Male) |
| 9:26 | Crear | Villager (Male) |
| 9:26 | Crear | Villager (Male) |
| 9:28 | Crear | Villager (Male) |
| 9:33 | Crear | Villager (Male) |
| 9:49 | Construir | Farm |
| 10:22 | Construir | Mining Camp |
| 11:08 | Investigar | Feudal Age |
| 11:09 | Crear | Villager (Male) |
| 11:09 | Crear | Villager (Male) |
| 11:10 | Investigar | Loom |
| 11:39 | Construir | Barracks |
| 11:45 | Crear | Villager (Male) |
| 12:01 | Construir | Farm |
| 12:04 | Construir | Farm |
| 12:32 | Construir | House |
| 13:18 | Edad | Edad Feudal |
| 13:20 | Construir | Stable |
| 13:24 | Construir | Blacksmith |
| 13:29 | Construir | Farm |
| 13:30 | Construir | Farm |
| 13:32 | Construir | Farm |
| 13:35 | Construir | Farm |
| 13:38 | Construir | Farm |
| 13:44 | Construir | Farm |
| 13:53 | Construir | Farm |
| 13:59 | Construir | Farm |
| 14:17 | Investigar | Double-Bit Axe |
| 14:18 | Investigar | Castle Age |
| 14:22 | Construir | Stable |
| 14:26 | Investigar | Scale Barding Armor |
| 14:38 | Investigar | Horse Collar |
| 14:57 | Investigar | Gold Mining |
| 15:02 | Construir | House |
| 15:04 | Construir | House |
| 15:16 | Investigar | Bloodlines |
| 15:42 | Investigar | Forging |
| 15:51 | Construir | Fish Trap |
| 15:54 | Construir | Fish Trap |
| 16:09 | Construir | Fish Trap |
| 17:13 | Edad | Edad de los Castillos |
| 17:16 | Investigar | Husbandry |
| 17:17 | Crear | Knight ×4 |
| 17:22 | Crear | Villager (Male) |
| 17:22 | Crear | Villager (Male) |
| 17:44 | Construir | Monastery |
| 17:48 | Crear | Villager (Male) |
| 17:48 | Crear | Villager (Male) |
| 17:59 | Crear | Fishing Ship |
| 18:03 | Crear | Knight |
| 18:03 | Crear | Camel Scout |
| 18:39 | Crear | Villager (Male) |
| 18:45 | Construir | Fish Trap |
| 18:48 | Crear | Monk |
| 18:53 | Crear | Villager (Male) |
| 18:58 | Investigar | Bow Saw |
| 19:08 | Construir | Town Center |
| 19:10 | Crear | Villager (Male) |
| 19:18 | Crear | Camel Scout |
| 19:18 | Crear | Camel Scout |
| 19:47 | Crear | Villager (Male) |
| 19:55 | Crear | Villager (Male) |
| 20:04 | Crear | Fishing Ship |
| 20:15 | Crear | Villager (Male) |
| 20:15 | Crear | Villager (Male) |
| 20:20 | Construir | Town Center |
| 20:35 | Construir | Market |
| 20:39 | Crear | Villager (Male) |
| 20:44 | Crear | Camel Scout |
| 20:44 | Crear | Knight |
| 20:59 | Investigar | Wheelbarrow |
| 21:01 | Construir | Fish Trap |
| 21:06 | Crear | Villager (Male) |
| 21:12 | Crear | Villager (Male) |
| 21:16 | Construir | Lumber Camp |
| 21:18 | Crear | Villager (Male) |
| 21:51 | Crear | Villager (Male) |
| 21:53 | Crear | Villager (Male) |
| 21:53 | Crear | Villager (Male) |
| 21:53 | Crear | Villager (Male) |
| 22:00 | Crear | Fishing Ship |
| 22:00 | Crear | Fishing Ship |
| 22:04 | Construir | House |
| 22:22 | Crear | Villager (Male) |
| 22:23 | Crear | Villager (Male) |
| 22:27 | Construir | House |
| 22:28 | Construir | House |
| 22:28 | Construir | House |
| 22:29 | Construir | House |
| 22:29 | Construir | House |
| 22:30 | Construir | House |
| 22:36 | Crear | Villager (Male) |
| 22:41 | Construir | House |
| 22:42 | Construir | House |
| 22:42 | Construir | House |
| 22:54 | Construir | Fish Trap |
| 23:01 | Crear | Knight |
| 23:02 | Crear | Knight |
| 23:02 | Crear | Camel Scout |
| 23:05 | Construir | Farm |
| 23:07 | Construir | Farm |
| 23:11 | Crear | Villager (Male) |
| 23:11 | Crear | Villager (Male) |
| 23:17 | Crear | Villager (Male) |
| 23:30 | Construir | Farm |
| 23:37 | Crear | Villager (Male) |
| 23:38 | Crear | Villager (Male) |
Build order — IamAlextremo
Primeras 150 de 670 acciones detectadas
| 0:00 | Crear | Villager (Male) |
| 0:00 | Crear | Villager (Male) |
| 0:01 | Construir | House |
| 0:02 | Construir | House |
| 0:11 | Investigar | Loom |
| 0:35 | Construir | Palisade Wall |
| 0:36 | Crear | Villager (Male) |
| 0:36 | Crear | Villager (Male) |
| 1:53 | Crear | Villager (Male) |
| 2:17 | Crear | Villager (Male) |
| 2:46 | Crear | Villager (Male) |
| 3:10 | Crear | Villager (Male) |
| 3:27 | Construir | Lumber Camp |
| 3:31 | Crear | Villager (Male) |
| 4:00 | Crear | Villager (Male) |
| 4:25 | Crear | Villager (Male) |
| 4:30 | Construir | House |
| 4:48 | Crear | Villager (Male) |
| 5:14 | Crear | Villager (Male) |
| 5:29 | Crear | Villager (Male) |
| 5:58 | Crear | Villager (Male) |
| 6:16 | Construir | Mill |
| 6:23 | Crear | Villager (Male) |
| 6:47 | Crear | Villager (Male) |
| 7:24 | Investigar | Feudal Age |
| 7:45 | Construir | Dock |
| 8:02 | Crear | Villager (Male) |
| 9:01 | Crear | Villager (Male) |
| 9:08 | Construir | Mining Camp |
| 9:13 | Construir | House |
| 9:17 | Crear | Fishing Ship |
| 9:34 | Edad | Edad Feudal |
| 9:37 | Construir | Watch Tower |
| 9:53 | Investigar | Double-Bit Axe |
| 10:16 | Crear | Villager (Male) |
| 10:41 | Crear | Villager (Male) |
| 10:54 | Crear | Villager (Male) |
| 11:13 | Crear | Fishing Ship |
| 11:17 | Crear | Villager (Male) |
| 11:18 | Construir | Blacksmith |
| 11:39 | Construir | Watch Tower |
| 11:46 | Crear | Villager (Male) |
| 12:03 | Investigar | Fletching |
| 12:12 | Crear | Villager (Male) |
| 12:46 | Investigar | Horse Collar |
| 12:49 | Construir | Farm |
| 12:50 | Construir | Farm |
| 12:55 | Construir | Farm |
| 13:04 | Crear | Villager (Male) |
| 13:09 | Crear | Villager (Male) |
| 13:31 | Construir | House |
| 13:32 | Construir | House |
| 13:53 | Construir | Watch Tower |
| 13:57 | Crear | Villager (Male) |
| 14:01 | Construir | Mill |
| 14:17 | Crear | Villager (Male) |
| 14:21 | Construir | House |
| 14:54 | Crear | Villager (Male) |
| 14:56 | Construir | Farm |
| 14:56 | Construir | Farm |
| 14:57 | Construir | Farm |
| 14:59 | Construir | House |
| 15:00 | Construir | House |
| 15:01 | Crear | Villager (Male) |
| 15:03 | Construir | Farm |
| 15:06 | Construir | Farm |
| 15:25 | Construir | Farm |
| 15:33 | Crear | Villager (Male) |
| 15:55 | Crear | Villager (Male) |
| 16:00 | Construir | Farm |
| 16:02 | Construir | Farm |
| 16:29 | Construir | Watch Tower |
| 16:34 | Crear | Villager (Male) |
| 16:53 | Crear | Villager (Male) |
| 17:00 | Construir | Market |
| 17:34 | Crear | Villager (Male) |
| 17:50 | Construir | Mining Camp |
| 18:03 | Investigar | Castle Age |
| 18:18 | Construir | Stone Wall |
| 18:19 | Construir | Gate |
| 18:39 | Construir | Watch Tower |
| 19:39 | Crear | Villager (Male) |
| 19:44 | Investigar | Gold Mining |
| 19:47 | Construir | Fish Trap |
| 19:48 | Construir | Fish Trap |
| 20:42 | Edad | Edad de los Castillos |
| 20:45 | Investigar | Bodkin Arrow |
| 20:49 | Construir | University |
| 20:50 | Crear | Villager (Male) |
| 20:59 | Crear | Villager (Male) |
| 21:01 | Investigar | Bow Saw |
| 21:04 | Construir | Siege Workshop |
| 21:20 | Construir | Siege Workshop |
| 21:37 | Crear | Villager (Male) |
| 21:43 | Investigar | Guard Tower (upgrade) |
| 21:44 | Crear | Villager (Male) |
| 21:52 | Crear | Villager (Male) |
| 22:13 | Crear | Villager (Male) |
| 22:16 | Crear | Villager (Male) |
| 22:46 | Crear | Mangonel |
| 22:47 | Crear | Villager (Male) |
| 22:52 | Crear | Villager (Male) |
| 23:01 | Crear | Villager (Male) |
| 23:12 | Crear | Villager (Male) |
| 23:25 | Crear | Villager (Male) |
| 23:40 | Construir | Farm |
| 23:52 | Crear | Villager (Male) |
| 23:54 | Crear | Villager (Male) |
| 23:54 | Crear | Mangonel |
| 24:03 | Crear | Mangonel |
| 24:10 | Crear | Villager (Male) |
| 24:36 | Crear | Villager (Male) |
| 24:56 | Construir | Watch Tower |
| 24:56 | Crear | Villager (Male) |
| 25:01 | Construir | Mill |
| 25:33 | Construir | Farm |
| 25:37 | Construir | Town Center |
| 25:39 | Construir | Farm |
| 25:51 | Crear | Villager (Male) |
| 25:58 | Construir | Town Center |
| 26:04 | Crear | Villager (Male) |
| 26:10 | Construir | Farm |
| 26:12 | Construir | Farm |
| 26:13 | Construir | Farm |
| 26:15 | Construir | Farm |
| 26:17 | Construir | Farm |
| 26:44 | Crear | Villager (Male) |
| 26:46 | Construir | Farm |
| 27:16 | Crear | Villager (Male) |
| 27:23 | Construir | Farm |
| 27:24 | Crear | Villager (Male) |
| 27:29 | Construir | Town Center |
| 27:35 | Construir | Farm |
| 27:38 | Crear | Villager (Male) |
| 27:53 | Crear | Villager (Male) |
| 27:58 | Construir | Town Center |
| 27:59 | Crear | Villager (Male) |
| 28:01 | Crear | Villager (Male) |
| 28:02 | Crear | Villager (Male) |
| 28:06 | Construir | Farm |
| 28:17 | Construir | Farm |
| 28:17 | Crear | Villager (Male) |
| 28:20 | Investigar | Heavy Plow |
| 28:20 | Investigar | Heavy Plow |
| 28:24 | Construir | Farm |
| 28:26 | Crear | Villager (Male) |
| 28:35 | Crear | Villager (Male) |
| 28:38 | Crear | Villager (Male) |
| 28:43 | Construir | Farm |
| 28:45 | Investigar | Wheelbarrow |
Build order — Rabanito
Primeras 150 de 420 acciones detectadas
| 0:04 | Crear | Villager (Male) |
| 0:05 | Crear | Villager (Male) |
| 0:06 | Construir | House |
| 0:07 | Construir | House |
| 0:08 | Crear | Villager (Male) |
| 0:08 | Crear | Villager (Male) |
| 0:08 | Crear | Villager (Male) |
| 0:31 | Investigar | Loom |
| 1:06 | Construir | Palisade Wall |
| 1:07 | Crear | Villager (Male) |
| 1:08 | Crear | Villager (Male) |
| 1:08 | Crear | Villager (Male) |
| 1:31 | Construir | Palisade Wall |
| 1:33 | Construir | Palisade Wall |
| 1:57 | Construir | Lumber Camp |
| 2:16 | Crear | Villager (Male) |
| 2:17 | Crear | Villager (Male) |
| 2:46 | Crear | Villager (Male) |
| 2:46 | Crear | Villager (Male) |
| 3:02 | Crear | Villager (Male) |
| 3:02 | Crear | Villager (Male) |
| 3:40 | Crear | Villager (Male) |
| 3:40 | Crear | Villager (Male) |
| 3:40 | Crear | Villager (Male) |
| 4:05 | Crear | Villager (Male) |
| 4:05 | Crear | Villager (Male) |
| 4:06 | Crear | Villager (Male) |
| 4:20 | Construir | House |
| 4:30 | Crear | Villager (Male) |
| 4:31 | Crear | Villager (Male) |
| 5:03 | Crear | Villager (Male) |
| 5:03 | Crear | Villager (Male) |
| 5:08 | Construir | House |
| 5:21 | Construir | Dock |
| 5:25 | Construir | Palisade Wall |
| 5:34 | Crear | Villager (Male) |
| 5:34 | Crear | Villager (Male) |
| 5:51 | Crear | Villager (Male) |
| 6:04 | Crear | Villager (Male) |
| 6:17 | Crear | Fishing Ship |
| 6:17 | Crear | Fishing Ship |
| 6:17 | Crear | Fishing Ship |
| 6:38 | Construir | House |
| 6:42 | Crear | Villager (Male) |
| 6:42 | Crear | Villager (Male) |
| 6:42 | Crear | Villager (Male) |
| 7:02 | Crear | Fishing Ship |
| 7:02 | Crear | Fishing Ship |
| 7:08 | Construir | House |
| 7:12 | Crear | Villager (Male) |
| 7:12 | Crear | Villager (Male) |
| 8:30 | Investigar | Feudal Age |
| 8:30 | Investigar | Feudal Age |
| 8:30 | Investigar | Feudal Age |
| 8:39 | Construir | House |
| 9:07 | Construir | Lumber Camp |
| 9:56 | Crear | Fishing Ship |
| 10:18 | Crear | Fishing Ship |
| 10:36 | Crear | Villager (Male) |
| 10:36 | Crear | Villager (Male) |
| 10:40 | Edad | Edad Feudal |
| 10:56 | Investigar | Double-Bit Axe |
| 11:04 | Construir | Mill |
| 11:13 | Construir | Stone Wall |
| 11:19 | Crear | Villager (Male) |
| 11:46 | Crear | Fishing Ship |
| 11:47 | Investigar | Tech 906 |
| 12:00 | Crear | Villager (Male) |
| 12:01 | Crear | Villager (Male) |
| 12:01 | Crear | Villager (Male) |
| 12:29 | Crear | Villager (Male) |
| 12:30 | Crear | Fishing Ship |
| 12:30 | Crear | Fishing Ship |
| 12:34 | Construir | Dock |
| 12:40 | Construir | Fish Trap |
| 13:01 | Construir | Fish Trap |
| 13:26 | Construir | Fish Trap |
| 13:30 | Crear | Villager (Male) |
| 13:31 | Crear | Villager (Male) |
| 13:36 | Construir | House |
| 13:43 | Construir | Outpost |
| 13:46 | Construir | House |
| 13:47 | Construir | House |
| 13:50 | Investigar | Wheelbarrow |
| 13:50 | Investigar | Wheelbarrow |
| 13:50 | Investigar | Wheelbarrow |
| 13:50 | Investigar | Wheelbarrow |
| 13:52 | Investigar | Horse Collar |
| 14:01 | Construir | Fish Trap |
| 14:05 | Investigar | Town Watch |
| 14:17 | Construir | Outpost |
| 14:32 | Construir | Mining Camp |
| 14:33 | Crear | Villager (Male) |
| 14:56 | Crear | Villager (Male) |
| 15:04 | Crear | Villager (Male) |
| 15:07 | Construir | Mining Camp |
| 15:22 | Construir | Fish Trap |
| 15:37 | Crear | Villager (Male) |
| 15:46 | Construir | Fish Trap |
| 15:56 | Construir | Fish Trap |
| 16:03 | Construir | Stone Wall |
| 16:06 | Construir | Stone Wall |
| 16:19 | Crear | Villager (Male) |
| 16:37 | Crear | Villager (Male) |
| 16:43 | Construir | Market |
| 17:27 | Crear | Villager (Male) |
| 17:27 | Crear | Villager (Male) |
| 17:28 | Crear | Villager (Male) |
| 17:30 | Construir | Blacksmith |
| 17:38 | Construir | Stone Wall |
| 17:44 | Construir | Lumber Camp |
| 18:04 | Investigar | Castle Age |
| 18:04 | Investigar | Castle Age |
| 18:04 | Investigar | Castle Age |
| 18:27 | Construir | Barracks |
| 18:30 | Construir | Outpost |
| 18:36 | Construir | House |
| 18:39 | Crear | Fishing Ship |
| 18:39 | Crear | Fishing Ship |
| 18:44 | Crear | Fishing Ship |
| 18:46 | Crear | Fishing Ship |
| 19:06 | Construir | House |
| 19:09 | Construir | House |
| 19:12 | Investigar | Fletching |
| 19:12 | Investigar | Fletching |
| 19:13 | Investigar | Fletching |
| 19:24 | Construir | House |
| 19:32 | Construir | Fish Trap |
| 19:46 | Construir | Fish Trap |
| 19:47 | Crear | Fishing Ship |
| 20:00 | Construir | Stone Wall |
| 20:09 | Construir | Fish Trap |
| 20:12 | Crear | Fishing Ship |
| 20:12 | Crear | Fishing Ship |
| 20:12 | Crear | Fishing Ship |
| 20:15 | Construir | House |
| 20:17 | Construir | House |
| 20:23 | Construir | Farm |
| 20:40 | Construir | Fish Trap |
| 21:02 | Construir | Stone Wall |
| 21:09 | Construir | Stone Wall |
| 21:11 | Crear | Villager (Male) |
| 21:17 | Construir | Fish Trap |
| 21:21 | Construir | Fish Trap |
| 21:22 | Edad | Edad de los Castillos |
| 21:24 | Investigar | Gillnets |
| 21:24 | Investigar | Gillnets |
| 21:25 | Crear | Villager (Male) |
| 21:27 | Investigar | Bow Saw |
| 21:28 | Investigar | Bow Saw |
Build order — Jill mento
Primeras 150 de 583 acciones detectadas
| 0:01 | Crear | Villager (Male) |
| 0:01 | Crear | Villager (Male) |
| 0:02 | Construir | House |
| 0:03 | Construir | House |
| 0:15 | Crear | Villager (Male) |
| 0:16 | Crear | Villager (Male) |
| 0:16 | Crear | Villager (Male) |
| 1:27 | Crear | Villager (Male) |
| 1:28 | Crear | Villager (Male) |
| 1:51 | Construir | Lumber Camp |
| 2:02 | Crear | Villager (Male) |
| 2:03 | Crear | Villager (Male) |
| 2:21 | Crear | Villager (Male) |
| 2:21 | Crear | Villager (Male) |
| 2:53 | Crear | Villager (Male) |
| 2:53 | Crear | Villager (Male) |
| 3:17 | Crear | Villager (Male) |
| 3:18 | Crear | Villager (Male) |
| 3:25 | Construir | House |
| 3:39 | Crear | Villager (Male) |
| 3:40 | Crear | Villager (Male) |
| 4:04 | Crear | Villager (Male) |
| 4:04 | Crear | Villager (Male) |
| 4:04 | Crear | Villager (Male) |
| 4:30 | Construir | Dock |
| 4:35 | Crear | Villager (Male) |
| 4:35 | Crear | Villager (Male) |
| 4:51 | Construir | House |
| 4:54 | Crear | Villager (Male) |
| 4:54 | Crear | Villager (Male) |
| 5:13 | Crear | Fishing Ship |
| 5:32 | Crear | Villager (Male) |
| 5:32 | Crear | Villager (Male) |
| 5:32 | Crear | Villager (Male) |
| 5:38 | Crear | Fishing Ship |
| 5:45 | Construir | House |
| 6:14 | Crear | Villager (Male) |
| 6:14 | Crear | Villager (Male) |
| 6:19 | Crear | Villager (Male) |
| 6:20 | Crear | Fishing Ship |
| 6:51 | Crear | Villager (Male) |
| 6:52 | Crear | Fishing Ship |
| 7:24 | Construir | Mill |
| 7:33 | Crear | Villager (Male) |
| 7:33 | Crear | Villager (Male) |
| 7:33 | Crear | Villager (Male) |
| 7:42 | Construir | House |
| 8:09 | Construir | Mining Camp |
| 8:31 | Crear | Villager (Male) |
| 8:40 | Investigar | Feudal Age |
| 10:08 | Crear | Villager (Male) |
| 10:09 | Crear | Villager (Male) |
| 10:51 | Edad | Edad Feudal |
| 10:52 | Construir | Market |
| 10:53 | Construir | Blacksmith |
| 11:02 | Investigar | Double-Bit Axe |
| 11:39 | Investigar | Castle Age |
| 11:40 | Investigar | Castle Age |
| 11:40 | Investigar | Castle Age |
| 11:57 | Construir | Lumber Camp |
| 12:11 | Construir | Fish Trap |
| 12:27 | Crear | Villager (Male) |
| 13:02 | Construir | House |
| 13:03 | Construir | House |
| 13:08 | Construir | Fish Trap |
| 13:27 | Crear | Villager (Male) |
| 13:27 | Crear | Villager (Male) |
| 14:21 | Edad | Edad de los Castillos |
| 14:24 | Construir | Town Center |
| 14:27 | Construir | Town Center |
| 14:28 | Investigar | Bow Saw |
| 14:38 | Investigar | Horse Collar |
| 14:41 | Crear | Villager (Male) |
| 14:49 | Construir | Farm |
| 15:14 | Construir | Fish Trap |
| 15:17 | Crear | Villager (Male) |
| 15:34 | Construir | Fish Trap |
| 15:45 | Crear | Villager (Male) |
| 15:46 | Crear | Villager (Male) |
| 15:46 | Crear | Villager (Male) |
| 15:48 | Construir | Farm |
| 15:49 | Crear | Villager (Male) |
| 15:49 | Crear | Villager (Male) |
| 15:49 | Crear | Villager (Male) |
| 15:50 | Crear | Villager (Male) |
| 15:52 | Construir | Farm |
| 16:00 | Crear | Villager (Male) |
| 16:10 | Crear | Villager (Male) |
| 16:13 | Construir | Monastery |
| 16:19 | Crear | Villager (Male) |
| 16:27 | Crear | Villager (Male) |
| 16:29 | Construir | Farm |
| 16:32 | Construir | Farm |
| 16:35 | Crear | Fishing Ship |
| 16:46 | Crear | Monk |
| 16:48 | Crear | Villager (Male) |
| 16:48 | Crear | Villager (Male) |
| 16:55 | Crear | Villager (Male) |
| 16:55 | Crear | Villager (Male) |
| 16:57 | Construir | Farm |
| 17:00 | Construir | Farm |
| 17:02 | Construir | Farm |
| 17:28 | Crear | Villager (Male) |
| 17:28 | Crear | Villager (Male) |
| 17:28 | Crear | Villager (Male) |
| 17:30 | Construir | Farm |
| 17:31 | Construir | Farm |
| 17:33 | Construir | Fish Trap |
| 17:35 | Crear | Fishing Ship |
| 17:39 | Crear | Villager (Male) |
| 17:39 | Crear | Villager (Male) |
| 17:40 | Crear | Villager (Male) |
| 17:40 | Crear | Villager (Male) |
| 17:40 | Crear | Villager (Male) |
| 17:43 | Construir | Farm |
| 17:45 | Construir | Farm |
| 17:46 | Construir | Farm |
| 17:49 | Crear | Villager (Male) |
| 17:50 | Crear | Villager (Male) |
| 18:03 | Crear | Villager (Male) |
| 18:03 | Crear | Villager (Male) |
| 18:03 | Crear | Villager (Male) |
| 18:04 | Crear | Villager (Male) |
| 18:06 | Construir | Farm |
| 18:08 | Construir | Farm |
| 18:10 | Construir | Farm |
| 18:15 | Construir | House |
| 18:18 | Construir | House |
| 18:22 | Construir | House |
| 18:23 | Construir | House |
| 18:24 | Construir | House |
| 18:25 | Construir | House |
| 18:26 | Crear | Villager (Male) |
| 18:26 | Crear | Villager (Male) |
| 18:31 | Construir | Fish Trap |
| 18:40 | Investigar | Tech 906 |
| 18:40 | Investigar | Tech 906 |
| 18:41 | Crear | Villager (Male) |
| 18:41 | Crear | Villager (Male) |
| 18:41 | Crear | Villager (Male) |
| 18:49 | Crear | Villager (Male) |
| 18:49 | Crear | Villager (Male) |
| 18:49 | Crear | Villager (Male) |
| 18:54 | Construir | Farm |
| 18:58 | Investigar | Wheelbarrow |
| 18:59 | Investigar | Wheelbarrow |
| 19:11 | Crear | Villager (Male) |
| 19:11 | Crear | Villager (Male) |
| 19:11 | Crear | Villager (Male) |
| 19:12 | Crear | Villager (Male) |
Build order — NoSoyNobu
Primeras 150 de 834 acciones detectadas
| 0:01 | Crear | Villager (Male) ×4 |
| 0:02 | Construir | House |
| 0:04 | Construir | House |
| 1:33 | Crear | Villager (Male) |
| 1:33 | Crear | Villager (Male) |
| 1:51 | Construir | Lumber Camp |
| 2:02 | Crear | Villager (Male) |
| 2:02 | Crear | Villager (Male) |
| 2:16 | Crear | Villager (Male) |
| 2:16 | Crear | Villager (Male) |
| 2:48 | Crear | Villager (Male) |
| 2:48 | Crear | Villager (Male) |
| 3:04 | Crear | Villager (Male) |
| 3:05 | Crear | Villager (Male) |
| 3:36 | Investigar | Loom |
| 3:39 | Crear | Villager (Male) |
| 3:40 | Crear | Villager (Male) |
| 3:51 | Crear | Villager (Male) |
| 3:52 | Crear | Villager (Male) |
| 3:56 | Construir | House |
| 4:12 | Construir | Mill |
| 4:27 | Crear | Villager (Male) |
| 4:28 | Crear | Villager (Male) |
| 4:50 | Crear | Villager (Male) |
| 4:50 | Crear | Villager (Male) |
| 5:17 | Crear | Villager (Male) |
| 5:24 | Crear | Villager (Male) |
| 5:24 | Crear | Villager (Male) |
| 5:56 | Crear | Villager (Male) |
| 6:09 | Crear | Villager (Male) |
| 6:18 | Construir | House |
| 6:31 | Crear | Villager (Male) |
| 6:46 | Crear | Villager (Male) |
| 6:58 | Crear | Villager (Male) |
| 6:59 | Crear | Villager (Male) |
| 7:03 | Crear | Villager (Male) |
| 7:09 | Crear | Villager (Male) |
| 7:10 | Construir | Lumber Camp |
| 7:36 | Construir | House |
| 7:38 | Construir | Palisade Wall |
| 7:43 | Construir | House |
| 7:45 | Construir | House |
| 7:50 | Crear | Villager (Male) |
| 8:17 | Crear | Villager (Male) |
| 8:28 | Crear | Villager (Male) |
| 8:51 | Investigar | Feudal Age |
| 9:14 | Investigar | Feudal Age |
| 9:14 | Investigar | Feudal Age |
| 9:37 | Construir | Dock |
| 9:50 | Construir | Mining Camp |
| 10:32 | Construir | House |
| 11:06 | Crear | Fishing Ship |
| 11:24 | Edad | Edad Feudal |
| 11:25 | Crear | Villager (Male) |
| 11:26 | Crear | Villager (Male) |
| 11:30 | Construir | Market |
| 11:32 | Construir | Blacksmith |
| 11:48 | Crear | Fishing Ship |
| 12:44 | Investigar | Castle Age |
| 12:44 | Investigar | Castle Age |
| 12:45 | Investigar | Castle Age |
| 13:02 | Crear | Fishing Ship |
| 13:04 | Investigar | Double-Bit Axe |
| 13:11 | Investigar | Horse Collar |
| 13:11 | Investigar | Horse Collar |
| 14:28 | Crear | Fishing Ship |
| 14:29 | Crear | Fishing Ship |
| 15:20 | Crear | Villager (Male) |
| 15:20 | Crear | Villager (Male) |
| 15:24 | Edad | Edad de los Castillos |
| 15:29 | Construir | Town Center |
| 15:32 | Construir | Town Center |
| 15:34 | Investigar | Bow Saw |
| 15:35 | Investigar | Bow Saw |
| 15:35 | Investigar | Heavy Plow |
| 15:35 | Investigar | Heavy Plow |
| 15:37 | Crear | Villager (Male) |
| 16:16 | Crear | Villager (Male) |
| 16:24 | Construir | Farm |
| 16:25 | Construir | Farm |
| 16:31 | Crear | Villager (Male) |
| 16:32 | Crear | Villager (Male) |
| 16:37 | Construir | Farm |
| 16:42 | Construir | House |
| 16:46 | Construir | House |
| 16:47 | Crear | Villager (Male) |
| 16:47 | Crear | Villager (Male) |
| 16:50 | Crear | Villager (Male) |
| 17:10 | Crear | Villager (Male) |
| 17:11 | Crear | Villager (Male) |
| 17:20 | Construir | Monastery |
| 17:23 | Crear | Villager (Male) |
| 17:32 | Crear | Villager (Male) |
| 17:33 | Crear | Fishing Ship |
| 17:41 | Construir | Fish Trap |
| 17:56 | Crear | Villager (Male) |
| 17:56 | Crear | Villager (Male) |
| 17:58 | Construir | Farm |
| 18:01 | Construir | Farm |
| 18:01 | Construir | Farm |
| 18:02 | Construir | Farm |
| 18:10 | Investigar | Fervor |
| 18:11 | Crear | Monk |
| 18:13 | Construir | Farm |
| 18:16 | Crear | Villager (Male) |
| 18:18 | Crear | Villager (Male) |
| 18:18 | Crear | Villager (Male) |
| 18:19 | Crear | Villager (Male) |
| 18:27 | Construir | Fish Trap |
| 18:31 | Construir | Fish Trap |
| 18:32 | Crear | Fishing Ship |
| 18:35 | Construir | House |
| 18:45 | Construir | House |
| 18:46 | Construir | House |
| 18:46 | Construir | House |
| 18:47 | Construir | House |
| 18:48 | Construir | House |
| 18:50 | Crear | Villager (Male) |
| 18:53 | Construir | Farm |
| 18:59 | Construir | House |
| 19:01 | Crear | Villager (Male) |
| 19:04 | Crear | Fishing Ship |
| 19:07 | Crear | Villager (Male) |
| 19:07 | Crear | Villager (Male) |
| 19:12 | Construir | Fish Trap |
| 19:15 | Construir | Fish Trap |
| 19:17 | Construir | Fish Trap |
| 19:37 | Crear | Villager (Male) |
| 19:37 | Crear | Villager (Male) |
| 19:45 | Crear | Villager (Male) |
| 19:45 | Crear | Villager (Male) |
| 19:51 | Construir | Farm |
| 19:52 | Construir | Farm |
| 19:53 | Construir | Farm |
| 19:54 | Crear | Villager (Male) |
| 19:54 | Crear | Villager (Male) |
| 19:57 | Construir | Farm |
| 19:59 | Construir | Lumber Camp |
| 20:00 | Crear | Villager (Male) |
| 20:01 | Construir | Farm |
| 20:03 | Construir | Farm |
| 20:07 | Construir | Farm |
| 20:09 | Construir | Farm |
| 20:11 | Construir | Farm |
| 20:12 | Crear | Villager (Male) |
| 20:12 | Crear | Villager (Male) |
| 20:20 | Construir | Fish Trap |
| 20:20 | Crear | Fishing Ship |
| 20:25 | Construir | Farm |
| 20:28 | Crear | Villager (Male) |
Build order — GroomingJewel84
Primeras 150 de 547 acciones detectadas
| 0:00 | Crear | Villager (Male) |
| 0:01 | Crear | Villager (Male) |
| 0:01 | Crear | Villager (Male) |
| 0:01 | Crear | Villager (Male) |
| 0:01 | Crear | Villager (Male) |
| 0:03 | Construir | House |
| 0:04 | Construir | House |
| 0:21 | Crear | Villager (Male) |
| 0:21 | Investigar | Loom |
| 0:29 | Crear | Villager (Male) |
| 0:31 | Crear | Villager (Male) |
| 0:36 | Construir | Palisade Wall |
| 0:38 | Crear | Villager (Male) |
| 1:47 | Construir | Palisade Wall |
| 1:49 | Construir | Palisade Wall |
| 2:18 | Construir | Palisade Wall |
| 2:24 | Crear | Villager (Male) |
| 2:48 | Crear | Villager (Male) |
| 2:48 | Crear | Villager (Male) |
| 3:11 | Construir | Palisade Wall |
| 3:22 | Crear | Villager (Male) |
| 3:22 | Crear | Villager (Male) |
| 3:43 | Construir | Palisade Wall |
| 3:45 | Construir | Palisade Wall |
| 3:58 | Crear | Villager (Male) |
| 4:18 | Construir | Palisade Wall |
| 4:20 | Construir | Palisade Wall |
| 4:27 | Crear | Villager (Male) |
| 4:27 | Crear | Villager (Male) |
| 4:43 | Crear | Villager (Male) |
| 5:09 | Crear | Villager (Male) |
| 5:09 | Crear | Villager (Male) |
| 5:18 | Construir | Palisade Wall |
| 5:19 | Construir | Palisade Wall |
| 5:20 | Construir | Palisade Wall |
| 5:32 | Crear | Villager (Male) |
| 5:52 | Crear | Villager (Male) |
| 5:52 | Crear | Villager (Male) |
| 6:07 | Crear | Villager (Male) |
| 6:24 | Crear | Villager (Male) |
| 7:23 | Construir | Settlement |
| 7:30 | Crear | Villager (Male) |
| 7:31 | Crear | Villager (Male) |
| 7:35 | Crear | Villager (Male) |
| 8:28 | Crear | Villager (Male) |
| 8:30 | Crear | Villager (Male) |
| 8:56 | Construir | Dock |
| 9:00 | Crear | Villager (Male) |
| 9:04 | Crear | Villager (Male) |
| 9:09 | Crear | Villager (Male) |
| 9:12 | Crear | Villager (Male) |
| 9:30 | Crear | Villager (Male) |
| 9:39 | Crear | Villager (Male) |
| 9:46 | Crear | Villager (Male) |
| 9:58 | Crear | Villager (Male) |
| 10:06 | Crear | Fishing Ship |
| 10:14 | Construir | Palisade Wall |
| 10:19 | Crear | Fishing Ship |
| 10:19 | Crear | Fishing Ship |
| 10:47 | Crear | Fishing Ship |
| 10:57 | Crear | Villager (Male) |
| 11:12 | Construir | Palisade Wall |
| 11:31 | Crear | Fishing Ship |
| 11:52 | Crear | Villager (Male) |
| 11:56 | Construir | Palisade Wall |
| 12:22 | Investigar | Feudal Age |
| 12:25 | Construir | House |
| 12:49 | Construir | Palisade Wall |
| 13:04 | Construir | Settlement |
| 13:06 | Crear | Villager (Male) |
| 13:14 | Crear | Fishing Ship |
| 13:20 | Construir | Palisade Wall |
| 13:46 | Crear | Fishing Ship |
| 14:04 | Construir | Palisade Wall |
| 14:24 | Crear | Villager (Male) |
| 14:27 | Construir | Settlement |
| 14:52 | Construir | Stone Wall |
| 15:00 | Construir | Stone Wall |
| 15:04 | Construir | Stone Wall |
| 15:11 | Investigar | Double-Bit Axe |
| 15:13 | Crear | Villager (Male) |
| 15:17 | Crear | Villager (Male) |
| 15:20 | Construir | Market |
| 15:37 | Construir | Stone Wall |
| 16:00 | Construir | Stone Wall |
| 16:12 | Construir | Blacksmith |
| 16:17 | Crear | Villager (Male) |
| 16:43 | Construir | Fish Trap |
| 16:45 | Investigar | Castle Age |
| 17:07 | Construir | Settlement |
| 17:23 | Construir | Stone Wall |
| 17:32 | Construir | Watch Tower |
| 17:41 | Construir | Stone Wall |
| 18:05 | Construir | Fish Trap |
| 18:10 | Construir | Fish Trap |
| 18:22 | Construir | Stone Wall |
| 18:40 | Construir | Fish Trap |
| 19:02 | Investigar | Fletching |
| 19:26 | Crear | Villager (Male) |
| 19:29 | Crear | Villager (Male) |
| 19:32 | Construir | Siege Workshop |
| 19:36 | Investigar | Double-Bit Axe |
| 19:36 | Crear | Villager (Male) |
| 20:16 | Crear | Mangonel |
| 20:16 | Crear | Mangonel |
| 20:19 | Crear | Villager (Male) |
| 20:34 | Crear | Villager (Male) |
| 20:37 | Crear | Villager (Male) |
| 20:39 | Crear | Villager (Male) |
| 20:41 | Crear | Villager (Male) |
| 20:44 | Crear | Villager (Male) |
| 20:47 | Crear | Villager (Male) |
| 20:58 | Construir | Fish Trap |
| 21:00 | Construir | Fish Trap |
| 21:03 | Crear | Villager (Male) |
| 21:05 | Crear | Villager (Male) |
| 21:50 | Construir | Town Center |
| 21:52 | Crear | Fishing Ship |
| 21:55 | Crear | Villager (Male) |
| 21:58 | Crear | Villager (Male) |
| 21:59 | Crear | Villager (Male) |
| 22:00 | Crear | Villager (Male) |
| 22:01 | Crear | Villager (Male) |
| 22:01 | Crear | Villager (Male) |
| 22:42 | Crear | Villager (Male) |
| 22:42 | Crear | Villager (Male) |
| 23:15 | Crear | Villager (Male) |
| 23:23 | Construir | Fish Trap |
| 23:24 | Crear | Villager (Male) |
| 23:32 | Construir | Farm |
| 23:58 | Crear | Villager (Male) |
| 23:58 | Crear | Villager (Male) |
| 23:58 | Crear | Villager (Male) |
| 23:59 | Crear | Villager (Male) |
| 24:04 | Crear | Villager (Male) |
| 24:12 | Investigar | Bow Saw |
| 24:12 | Crear | Villager (Male) |
| 24:49 | Crear | Villager (Male) |
| 24:56 | Crear | Mangonel |
| 24:59 | Crear | Villager (Male) |
| 25:03 | Construir | Farm |
| 25:04 | Construir | Farm |
| 25:04 | Construir | Farm |
| 25:05 | Construir | Farm |
| 25:05 | Construir | Farm |
| 25:05 | Construir | Farm |
| 25:13 | Crear | Villager (Male) |
| 25:23 | Crear | Villager (Male) |
| 25:28 | Crear | Fishing Ship |
| 25:29 | Crear | Fishing Ship |
Build order — lemon tea
Primeras 150 de 537 acciones detectadas
| 0:01 | Crear | Villager (Male) |
| 0:02 | Crear | Villager (Male) |
| 0:03 | Construir | House |
| 0:04 | Construir | House |
| 0:09 | Crear | Villager (Male) |
| 0:09 | Crear | Villager (Male) |
| 0:21 | Investigar | Loom |
| 0:21 | Investigar | Loom |
| 0:28 | Crear | Villager (Male) |
| 0:31 | Crear | Villager (Male) |
| 0:35 | Crear | Villager (Male) |
| 0:36 | Crear | Villager (Male) |
| 1:30 | Construir | Palisade Wall |
| 1:49 | Crear | Villager (Male) |
| 1:49 | Crear | Villager (Male) |
| 2:26 | Crear | Villager (Male) |
| 2:27 | Crear | Villager (Male) |
| 2:39 | Construir | Lumber Camp |
| 2:49 | Crear | Villager (Male) |
| 2:49 | Crear | Villager (Male) |
| 3:22 | Crear | Villager (Male) |
| 3:22 | Crear | Villager (Male) |
| 3:48 | Crear | Villager (Male) |
| 3:48 | Crear | Villager (Male) |
| 4:13 | Crear | Villager (Male) |
| 4:13 | Crear | Villager (Male) |
| 4:34 | Crear | Villager (Male) |
| 4:54 | Crear | Villager (Male) |
| 4:55 | Crear | Villager (Male) |
| 5:08 | Construir | House |
| 5:14 | Crear | Villager (Male) |
| 5:45 | Crear | Villager (Male) |
| 6:00 | Crear | Villager (Male) |
| 6:03 | Construir | Mill |
| 6:10 | Crear | Villager (Male) |
| 6:48 | Crear | Villager (Male) |
| 7:06 | Construir | House |
| 7:36 | Crear | Villager (Male) |
| 7:42 | Crear | Villager (Male) |
| 8:33 | Crear | Villager (Male) |
| 8:34 | Crear | Villager (Male) |
| 8:35 | Investigar | Feudal Age |
| 8:52 | Construir | Mining Camp |
| 10:13 | Construir | Mining Camp |
| 10:36 | Crear | Villager (Male) |
| 10:36 | Crear | Villager (Male) |
| 10:42 | Construir | House |
| 11:22 | Crear | Villager (Male) |
| 11:33 | Edad | Edad Feudal |
| 11:38 | Construir | Market |
| 11:39 | Construir | Blacksmith |
| 12:25 | Construir | Stone Wall |
| 12:27 | Construir | Stone Wall |
| 12:39 | Investigar | Double-Bit Axe |
| 12:39 | Investigar | Double-Bit Axe |
| 12:53 | Investigar | Castle Age |
| 12:53 | Investigar | Castle Age |
| 13:30 | Construir | Dock |
| 13:38 | Investigar | Horse Collar |
| 13:55 | Investigar | Stone Mining |
| 14:14 | Construir | House |
| 14:16 | Crear | Villager (Male) |
| 14:30 | Construir | Outpost |
| 14:41 | Crear | Villager (Male) |
| 14:59 | Crear | Demolition Raft |
| 15:00 | Crear | Demolition Raft |
| 15:04 | Crear | Fishing Ship |
| 15:05 | Crear | Fishing Ship |
| 15:33 | Edad | Edad de los Castillos |
| 15:33 | Crear | Villager (Male) |
| 16:00 | Crear | Villager (Male) |
| 16:12 | Construir | Castle |
| 16:17 | Crear | Villager (Male) |
| 16:22 | Construir | Farm |
| 16:27 | Crear | Fishing Ship |
| 16:29 | Investigar | Tech 906 |
| 16:29 | Investigar | Tech 906 |
| 16:56 | Crear | Villager (Male) |
| 16:59 | Construir | Farm |
| 17:10 | Construir | House |
| 17:13 | Construir | Farm |
| 17:35 | Crear | Villager (Male) |
| 17:46 | Construir | Lumber Camp |
| 17:50 | Crear | Janissary |
| 18:10 | Crear | Fishing Ship |
| 18:10 | Crear | Fishing Ship |
| 18:10 | Crear | Fishing Ship |
| 18:11 | Crear | Villager (Male) |
| 18:26 | Crear | Janissary |
| 18:26 | Crear | Janissary |
| 18:29 | Crear | Janissary |
| 18:30 | Crear | Janissary |
| 18:55 | Crear | Villager (Male) |
| 19:00 | Construir | Farm |
| 19:04 | Crear | Trade Cart |
| 19:05 | Construir | Farm |
| 19:07 | Construir | Farm |
| 19:13 | Construir | Farm |
| 19:15 | Crear | Villager (Male) |
| 19:20 | Crear | Fishing Ship |
| 19:22 | Crear | Villager (Male) |
| 19:43 | Construir | Farm |
| 19:50 | Construir | Town Center |
| 19:52 | Crear | Villager (Male) |
| 20:07 | Crear | Janissary |
| 20:14 | Construir | Farm |
| 20:15 | Construir | Farm |
| 20:23 | Crear | Villager (Male) |
| 20:33 | Crear | Janissary |
| 20:42 | Crear | Villager (Male) |
| 20:45 | Construir | Farm |
| 20:59 | Construir | Farm |
| 20:59 | Construir | Farm |
| 20:59 | Construir | Farm |
| 20:59 | Construir | Farm |
| 21:00 | Construir | Farm |
| 21:07 | Crear | Villager (Male) |
| 21:14 | Crear | Villager (Male) |
| 21:22 | Construir | Fish Trap |
| 21:34 | Construir | Fish Trap |
| 21:35 | Crear | Villager (Male) |
| 21:42 | Crear | Villager (Male) |
| 21:47 | Crear | Janissary |
| 22:01 | Crear | Janissary |
| 22:02 | Crear | Villager (Male) |
| 22:19 | Crear | Janissary |
| 22:21 | Crear | Villager (Male) |
| 22:25 | Construir | Farm |
| 22:26 | Construir | Farm |
| 22:41 | Construir | Palisade Wall |
| 22:48 | Crear | Janissary |
| 22:57 | Crear | Villager (Male) |
| 22:58 | Crear | Villager (Male) |
| 22:58 | Crear | Villager (Male) |
| 23:07 | Crear | Villager (Male) |
| 23:09 | Construir | Farm |
| 23:10 | Construir | Farm |
| 23:14 | Construir | Farm |
| 23:21 | Construir | Farm |
| 23:23 | Crear | Villager (Male) |
| 23:29 | Construir | Fish Trap |
| 23:32 | Construir | House |
| 23:33 | Construir | House |
| 23:44 | Construir | Town Center |
| 23:46 | Crear | Villager (Male) |
| 23:48 | Investigar | Wheelbarrow |
| 23:48 | Investigar | Wheelbarrow |
| 23:48 | Investigar | Wheelbarrow |
| 24:02 | Investigar | Bow Saw |
| 24:03 | Crear | Villager (Male) |
Build order — Gimli The Dwarf
Primeras 150 de 670 acciones detectadas
| 0:01 | Crear | Villager (Male) |
| 0:01 | Crear | Villager (Male) |
| 0:02 | Crear | Villager (Male) |
| 0:03 | Construir | House |
| 0:04 | Construir | House |
| 0:12 | Crear | Villager (Male) |
| 0:13 | Crear | Villager (Male) |
| 1:41 | Crear | Villager (Male) |
| 1:41 | Crear | Villager (Male) |
| 1:42 | Crear | Villager (Male) |
| 2:04 | Crear | Villager (Male) |
| 2:04 | Crear | Villager (Male) |
| 2:14 | Construir | Lumber Camp |
| 2:26 | Crear | Villager (Male) |
| 2:26 | Crear | Villager (Male) |
| 2:54 | Crear | Villager (Male) |
| 3:32 | Crear | Villager (Male) |
| 3:32 | Crear | Villager (Male) |
| 3:47 | Crear | Villager (Male) |
| 3:47 | Crear | Villager (Male) |
| 3:54 | Construir | House |
| 4:09 | Crear | Villager (Male) |
| 4:09 | Crear | Villager (Male) |
| 4:30 | Crear | Villager (Male) |
| 4:57 | Crear | Villager (Male) |
| 4:57 | Crear | Villager (Male) |
| 5:03 | Construir | Dock |
| 5:29 | Construir | House |
| 5:32 | Crear | Villager (Male) |
| 5:32 | Crear | Villager (Male) |
| 5:33 | Crear | Villager (Male) |
| 5:33 | Crear | Villager (Male) |
| 5:50 | Crear | Villager (Male) |
| 5:51 | Crear | Fishing Ship |
| 5:51 | Crear | Fishing Ship |
| 6:12 | Crear | Villager (Male) |
| 6:12 | Crear | Villager (Male) |
| 6:12 | Crear | Villager (Male) |
| 6:15 | Crear | Fishing Ship |
| 6:15 | Crear | Fishing Ship |
| 6:36 | Construir | House |
| 6:40 | Crear | Villager (Male) |
| 6:40 | Crear | Villager (Male) |
| 6:41 | Crear | Villager (Male) |
| 6:42 | Crear | Villager (Male) |
| 7:05 | Crear | Fishing Ship |
| 7:05 | Crear | Fishing Ship |
| 7:27 | Construir | Palisade Wall |
| 7:31 | Crear | Villager (Male) |
| 7:32 | Crear | Villager (Male) |
| 7:47 | Construir | Palisade Wall |
| 7:52 | Construir | Palisade Wall |
| 7:58 | Crear | Villager (Male) |
| 7:58 | Crear | Villager (Male) |
| 7:59 | Construir | House |
| 8:05 | Crear | Fishing Ship |
| 8:05 | Crear | Fishing Ship |
| 8:28 | Crear | Villager (Male) |
| 8:30 | Construir | House |
| 8:41 | Crear | Fishing Ship |
| 8:47 | Construir | Lumber Camp |
| 10:13 | Construir | Mining Camp |
| 10:18 | Investigar | Feudal Age |
| 10:18 | Investigar | Feudal Age |
| 10:24 | Crear | Fishing Ship |
| 10:52 | Construir | Mill |
| 11:18 | Crear | Villager (Male) |
| 11:58 | Crear | Villager (Male) |
| 12:18 | Crear | Villager (Male) |
| 12:34 | Crear | Villager (Male) |
| 12:36 | Edad | Edad Feudal |
| 12:37 | Construir | Market |
| 12:39 | Construir | Blacksmith |
| 12:45 | Construir | Fish Trap |
| 12:55 | Construir | Fish Trap |
| 13:04 | Construir | Fish Trap |
| 13:08 | Construir | Fish Trap |
| 13:12 | Construir | Fish Trap |
| 13:32 | Crear | Villager (Male) |
| 13:33 | Crear | Villager (Male) |
| 13:35 | Construir | Fish Trap |
| 13:44 | Crear | Villager (Male) |
| 13:52 | Investigar | Double-Bit Axe |
| 13:52 | Investigar | Double-Bit Axe |
| 13:55 | Crear | Fishing Ship |
| 13:59 | Crear | Villager (Male) |
| 14:05 | Crear | Villager (Male) |
| 14:16 | Crear | Villager (Male) |
| 14:25 | Construir | House |
| 14:40 | Construir | Fish Trap |
| 14:43 | Crear | Villager (Male) |
| 14:45 | Construir | House |
| 15:06 | Investigar | Gold Mining |
| 15:07 | Crear | Villager (Male) |
| 15:12 | Investigar | Castle Age |
| 15:13 | Investigar | Castle Age |
| 15:16 | Crear | Fishing Ship |
| 15:16 | Crear | Fishing Ship |
| 15:17 | Crear | Fishing Ship |
| 15:28 | Investigar | Tech 906 |
| 16:01 | Construir | Fish Trap |
| 16:09 | Crear | Fishing Ship |
| 16:16 | Crear | Villager (Male) |
| 16:16 | Crear | Villager (Male) |
| 16:46 | Construir | House |
| 16:46 | Construir | House |
| 17:03 | Construir | Fish Trap |
| 17:27 | Investigar | Horse Collar |
| 18:11 | Edad | Edad de los Castillos |
| 18:17 | Construir | University |
| 18:20 | Construir | Monastery |
| 18:29 | Construir | Town Center |
| 18:32 | Crear | Fishing Ship |
| 18:34 | Crear | Villager (Male) |
| 18:35 | Investigar | Bow Saw |
| 18:36 | Investigar | Bow Saw |
| 19:07 | Investigar | Imperial Age |
| 19:08 | Investigar | Imperial Age |
| 19:10 | Crear | Monk |
| 19:13 | Crear | Villager (Male) |
| 19:19 | Construir | Fish Trap |
| 19:24 | Crear | Villager (Male) |
| 19:45 | Construir | House |
| 19:47 | Crear | Villager (Male) |
| 19:49 | Construir | Barracks |
| 19:52 | Crear | Villager (Male) |
| 19:58 | Crear | Fishing Ship |
| 20:03 | Investigar | Gillnets |
| 20:03 | Investigar | Gillnets |
| 20:12 | Construir | Mining Camp |
| 20:21 | Crear | Villager (Male) |
| 20:22 | Crear | Villager (Male) |
| 20:22 | Crear | Villager (Male) |
| 20:54 | Construir | Fish Trap |
| 21:09 | Construir | Siege Workshop |
| 21:19 | Construir | Archery Range |
| 21:20 | Construir | Archery Range |
| 21:22 | Crear | Villager (Male) |
| 21:23 | Crear | Villager (Male) |
| 21:26 | Crear | Villager (Male) |
| 21:46 | Construir | Archery Range |
| 21:47 | Investigar | Fletching |
| 21:47 | Investigar | Fletching |
| 21:47 | Investigar | Padded Archer Armor |
| 21:48 | Investigar | Padded Archer Armor |
| 21:53 | Crear | Villager (Male) |
| 22:01 | Construir | House |
| 22:01 | Construir | House |
| 22:04 | Crear | Villager (Male) |
| 22:19 | Crear | Villager (Male) |
Cronología de la partida
| 0:35 | IamAlextremo · wall_segment Palisade Wall x9 |
| 0:36 | GroomingJewel84 · wall_segment Palisade Wall x9 |
| 1:06 | Rabanito · wall_segment Palisade Wall x15 |
| 1:30 | lemon tea · wall_segment Palisade Wall x11 |
| 1:31 | Rabanito · wall_segment Palisade Wall x1 |
| 1:33 | Rabanito · wall_segment Palisade Wall x1 |
| 1:47 | GroomingJewel84 · wall_segment Palisade Wall x1 |
| 1:49 | GroomingJewel84 · wall_segment Palisade Wall x1 |
| 2:18 | GroomingJewel84 · wall_segment Palisade Wall x9 |
| 3:11 | GroomingJewel84 · wall_segment Palisade Wall x8 |
| 3:43 | GroomingJewel84 · wall_segment Palisade Wall x4 |
| 3:45 | GroomingJewel84 · wall_segment Palisade Wall x6 |
| 4:18 | GroomingJewel84 · wall_segment Palisade Wall x7 |
| 4:20 | GroomingJewel84 · wall_segment Palisade Wall x8 |
| 4:30 | Jill mento · first_building Dock |
| 5:03 | Gimli The Dwarf · first_building Dock |
| 5:18 | GroomingJewel84 · wall_segment Palisade Wall x2 |
| 5:19 | GroomingJewel84 · wall_segment Palisade Wall x8 |
| 5:20 | GroomingJewel84 · wall_segment Palisade Wall x2 |
| 5:21 | Rabanito · first_building Dock |
| 5:25 | Rabanito · wall_segment Palisade Wall x1 |
| 5:39 | ArfGran · first_building Dock |
| 7:27 | Gimli The Dwarf · wall_segment Palisade Wall x1 |
| 7:38 | NoSoyNobu · wall_segment Palisade Wall x1 |
| 7:45 | IamAlextremo · first_building Dock |
| 7:47 | Gimli The Dwarf · wall_segment Palisade Wall x1 |
| 7:52 | Gimli The Dwarf · wall_segment Palisade Wall x1 |
| 8:56 | GroomingJewel84 · first_building Dock |
| 9:34 | IamAlextremo · age_up feudal |
| 9:37 | NoSoyNobu · first_building Dock |
| 10:14 | GroomingJewel84 · wall_segment Palisade Wall x6 |
| 10:40 | Rabanito · age_up feudal |
| 10:51 | Jill mento · age_up feudal |
| 11:12 | GroomingJewel84 · wall_segment Palisade Wall x6 |
| 11:13 | Rabanito · wall_segment Stone Wall x11 |
| 11:24 | NoSoyNobu · age_up feudal |
| 11:33 | lemon tea · age_up feudal |
| 11:39 | ArfGran · first_building Barracks |
| 11:56 | GroomingJewel84 · wall_segment Palisade Wall x6 |
| 12:25 | lemon tea · wall_segment Stone Wall x11 |
| 12:27 | lemon tea · wall_segment Stone Wall x1 |
| 12:36 | Gimli The Dwarf · age_up feudal |
| 12:49 | GroomingJewel84 · wall_segment Palisade Wall x7 |
| 13:18 | ArfGran · age_up feudal |
| 13:20 | GroomingJewel84 · wall_segment Palisade Wall x6 |
| 13:20 | ArfGran · first_building Stable |
| 13:30 | lemon tea · first_building Dock |
| 14:04 | GroomingJewel84 · wall_segment Palisade Wall x7 |
| 14:21 | Jill mento · age_up castle |
| 14:38 | Jill mento · first_market_buy 100 food |
| 14:52 | GroomingJewel84 · wall_segment Stone Wall x4 |
| 15:00 | GroomingJewel84 · wall_segment Stone Wall x1 |
| 15:04 | GroomingJewel84 · wall_segment Stone Wall x1 |
| 15:24 | NoSoyNobu · age_up castle |
| 15:33 | lemon tea · age_up castle |
| 15:37 | GroomingJewel84 · wall_segment Stone Wall x8 |
| 16:00 | GroomingJewel84 · wall_segment Stone Wall x1 |
| 16:03 | Rabanito · wall_segment Stone Wall x13 |
| 16:06 | Rabanito · wall_segment Stone Wall x10 |
| 16:12 | lemon tea · first_building Castle |
| 16:13 | Jill mento · first_building Monastery |
| 17:13 | ArfGran · age_up castle |
| 17:20 | NoSoyNobu · first_building Monastery |
| 17:23 | GroomingJewel84 · wall_segment Stone Wall x4 |
| 17:38 | Rabanito · wall_segment Stone Wall x2 |
| 17:41 | GroomingJewel84 · wall_segment Stone Wall x9 |
| 17:44 | ArfGran · first_building Monastery |
| 18:03 | Rabanito · first_market_sell 100 food |
| 18:09 | NoSoyNobu · first_market_buy 100 food |
| 18:11 | Gimli The Dwarf · age_up castle |
| 18:18 | IamAlextremo · wall_segment Stone Wall x9 |
| 18:20 | Gimli The Dwarf · first_building Monastery |
| 18:22 | GroomingJewel84 · wall_segment Stone Wall x4 |
| 18:27 | Rabanito · first_building Barracks |
| 18:28 | lemon tea · first_market_buy 100 food |
| 19:32 | GroomingJewel84 · first_building Siege Workshop |
| 19:48 | NoSoyNobu · first_market_sell 100 wood |
| 19:49 | Gimli The Dwarf · first_building Barracks |
| 20:00 | Rabanito · wall_segment Stone Wall x14 |
| 20:42 | IamAlextremo · age_up castle |
| 21:02 | Rabanito · wall_segment Stone Wall x5 |
| 21:04 | IamAlextremo · first_building Siege Workshop |
| 21:09 | Rabanito · wall_segment Stone Wall x6 |
| 21:09 | Gimli The Dwarf · first_building Siege Workshop |
| 21:19 | Gimli The Dwarf · first_building Archery Range |
| 21:22 | Rabanito · age_up castle |
| 21:41 | Rabanito · wall_segment Stone Wall x1 |
| 21:42 | IamAlextremo · first_market_buy 100 wood |
| 21:42 | IamAlextremo · first_market_sell 100 food |
| 21:48 | Rabanito · first_market_buy 100 stone |
| 22:01 | Rabanito · first_building Castle |
| 22:07 | ArfGran · first_market_buy 100 stone |
| 22:19 | Gimli The Dwarf · age_up imperial |
| 22:41 | lemon tea · wall_segment Palisade Wall x1 |
| 22:49 | GroomingJewel84 · first_market_sell 100 stone |
| 23:00 | Gimli The Dwarf · first_market_buy 100 food |
| 23:49 | Jill mento · first_market_sell 100 food |
| 24:07 | Jill mento · first_building Siege Workshop |
| 24:40 | Jill mento · first_building Barracks |
| 25:28 | Rabanito · first_building Monastery |
| 26:20 | Jill mento · first_building Castle |
| 26:23 | NoSoyNobu · first_building Castle |
| 26:29 | NoSoyNobu · first_building Barracks |
| 26:40 | NoSoyNobu · first_building Siege Workshop |
| 27:20 | Jill mento · age_up imperial |
| 27:59 | NoSoyNobu · age_up imperial |
| 28:13 | ArfGran · first_building Castle |
| 28:27 | Gimli The Dwarf · first_market_sell 500 food |
| 29:08 | GroomingJewel84 · first_building Castle |
| 29:09 | NoSoyNobu · wall_segment Stone Wall x3 |
| 29:33 | NoSoyNobu · wall_segment Stone Wall x10 |
| 29:34 | ArfGran · tribute_sent a jugador 1 |
| 29:34 | ArfGran · tribute_sent a jugador 2 |
| 29:34 | ArfGran · tribute_sent a jugador 3 |
| 29:34 | ArfGran · tribute_sent a jugador 4 |
| 29:34 | ArfGran · tribute_sent a jugador 6 |
| 29:34 | ArfGran · tribute_sent a jugador 7 |
| 29:34 | ArfGran · tribute_sent a jugador 8 |
| 29:50 | Gimli The Dwarf · wall_segment Stone Wall x1 |
| 29:58 | lemon tea · age_up imperial |
| 29:59 | IamAlextremo · wall_segment Stone Wall x2 |
| 30:08 | lemon tea · first_building Siege Workshop |
| 30:09 | NoSoyNobu · wall_segment Stone Wall x1 |
| 30:10 | NoSoyNobu · wall_segment Stone Wall x1 |
| 30:24 | IamAlextremo · first_building Castle |
| 30:29 | NoSoyNobu · wall_segment Stone Wall x7 |
| 30:37 | NoSoyNobu · wall_segment Stone Wall x1 |
| 30:38 | NoSoyNobu · wall_segment Stone Wall x1 |
| 30:40 | NoSoyNobu · wall_segment Stone Wall x1 |
| 30:42 | NoSoyNobu · wall_segment Stone Wall x1 |
| 30:44 | NoSoyNobu · wall_segment Stone Wall x1 |
| 30:46 | NoSoyNobu · wall_segment Stone Wall x1 |
| 31:21 | Rabanito · age_up imperial |
| 31:40 | NoSoyNobu · first_building Archery Range |
| 31:54 | Gimli The Dwarf · wall_segment Stone Wall x1 |
| 32:11 | lemon tea · first_market_sell 100 food |
| 32:57 | ArfGran · age_up imperial |
| 33:10 | ArfGran · first_market_sell 500 wood |
| 36:27 | IamAlextremo · first_building Barracks |
| 37:18 | NoSoyNobu · wall_segment Stone Wall x1 |
| 37:18 | IamAlextremo · first_building Archery Range |
| 37:21 | NoSoyNobu · wall_segment Stone Wall x1 |
| 37:22 | NoSoyNobu · wall_segment Stone Wall x1 |
| 37:23 | NoSoyNobu · wall_segment Stone Wall x1 |
| 37:41 | GroomingJewel84 · first_building Barracks |
| 38:27 | Gimli The Dwarf · first_building Castle |
| 39:06 | lemon tea · first_building Barracks |
| 39:07 | Jill mento · tribute_sent a jugador 1 |
| 39:07 | Jill mento · tribute_sent a jugador 2 |
| 39:07 | Jill mento · tribute_sent a jugador 4 |
| 39:07 | Jill mento · tribute_sent a jugador 5 |
| 39:07 | Jill mento · tribute_sent a jugador 6 |
| 39:07 | Jill mento · tribute_sent a jugador 7 |
| 39:07 | Jill mento · tribute_sent a jugador 8 |
| 39:50 | Gimli The Dwarf · first_building Stable |
| 40:18 | GroomingJewel84 · wall_segment Palisade Wall x1 |
| 40:24 | Jill mento · tribute_sent a jugador 1 |
| 40:24 | Jill mento · tribute_sent a jugador 2 |
| 40:24 | Jill mento · tribute_sent a jugador 4 |
| 40:24 | Jill mento · tribute_sent a jugador 5 |
| 40:24 | Jill mento · tribute_sent a jugador 6 |
| 40:24 | Jill mento · tribute_sent a jugador 7 |
| 40:24 | Jill mento · tribute_sent a jugador 8 |
| 40:37 | NoSoyNobu · wall_segment Stone Wall x6 |
| 40:39 | NoSoyNobu · wall_segment Stone Wall x3 |
| 41:51 | lemon tea · first_building Stable |
| 41:55 | lemon tea · first_building Archery Range |
| 42:10 | Gimli The Dwarf · wall_segment Stone Wall x1 |
| 42:17 | Gimli The Dwarf · wall_segment Stone Wall x1 |
| 42:20 | Gimli The Dwarf · wall_segment Stone Wall x1 |
| 42:21 | Gimli The Dwarf · wall_segment Stone Wall x1 |
| 42:44 | GroomingJewel84 · tribute_sent a jugador 1 |
| 42:44 | GroomingJewel84 · tribute_sent a jugador 2 |
| 42:44 | GroomingJewel84 · tribute_sent a jugador 3 |
| 42:44 | GroomingJewel84 · tribute_sent a jugador 4 |
| 42:44 | GroomingJewel84 · tribute_sent a jugador 5 |
| 42:44 | GroomingJewel84 · tribute_sent a jugador 7 |
| 42:44 | GroomingJewel84 · tribute_sent a jugador 8 |
| 44:05 | IamAlextremo · age_up imperial |
| 44:13 | Jill mento · first_building Archery Range |
| 44:39 | NoSoyNobu · tribute_sent a jugador 1 |
| 44:39 | NoSoyNobu · tribute_sent a jugador 2 |
| 44:39 | NoSoyNobu · tribute_sent a jugador 3 |
| 44:39 | NoSoyNobu · tribute_sent a jugador 5 |
| 44:39 | NoSoyNobu · tribute_sent a jugador 6 |
| 44:39 | NoSoyNobu · tribute_sent a jugador 7 |
| 44:39 | NoSoyNobu · tribute_sent a jugador 8 |
| 44:44 | GroomingJewel84 · tribute_sent a jugador 1 |
| 44:44 | GroomingJewel84 · tribute_sent a jugador 2 |
| 44:44 | GroomingJewel84 · tribute_sent a jugador 3 |
| 44:44 | GroomingJewel84 · tribute_sent a jugador 4 |
| 44:44 | GroomingJewel84 · tribute_sent a jugador 5 |
| 44:44 | GroomingJewel84 · tribute_sent a jugador 7 |
| 44:44 | GroomingJewel84 · tribute_sent a jugador 8 |
| 45:00 | GroomingJewel84 · tribute_sent a jugador 1 |
| 45:00 | GroomingJewel84 · tribute_sent a jugador 2 |
| 45:00 | GroomingJewel84 · tribute_sent a jugador 3 |
| 45:00 | GroomingJewel84 · tribute_sent a jugador 4 |
| 45:00 | GroomingJewel84 · tribute_sent a jugador 5 |
| 45:00 | GroomingJewel84 · tribute_sent a jugador 7 |
| 45:00 | GroomingJewel84 · tribute_sent a jugador 8 |
| 46:01 | Rabanito · first_building Archery Range |
| 46:33 | GroomingJewel84 · tribute_sent a jugador 1 |
| 46:33 | GroomingJewel84 · tribute_sent a jugador 2 |
| 46:33 | GroomingJewel84 · tribute_sent a jugador 3 |
| 46:33 | GroomingJewel84 · tribute_sent a jugador 4 |
| 46:33 | GroomingJewel84 · tribute_sent a jugador 5 |
| 46:33 | GroomingJewel84 · tribute_sent a jugador 7 |
| 46:33 | GroomingJewel84 · tribute_sent a jugador 8 |
| 48:47 | GroomingJewel84 · tribute_sent a jugador 1 |
| 48:47 | GroomingJewel84 · tribute_sent a jugador 2 |
| 48:47 | GroomingJewel84 · tribute_sent a jugador 3 |
| 48:47 | GroomingJewel84 · tribute_sent a jugador 4 |
| 48:47 | GroomingJewel84 · tribute_sent a jugador 5 |
| 48:47 | GroomingJewel84 · tribute_sent a jugador 7 |
| 48:47 | GroomingJewel84 · tribute_sent a jugador 8 |
| 50:31 | GroomingJewel84 · tribute_sent a jugador 1 |
| 50:31 | GroomingJewel84 · tribute_sent a jugador 2 |
| 50:31 | GroomingJewel84 · tribute_sent a jugador 3 |
| 50:31 | GroomingJewel84 · tribute_sent a jugador 4 |
| 50:31 | GroomingJewel84 · tribute_sent a jugador 5 |
| 50:31 | GroomingJewel84 · tribute_sent a jugador 7 |
| 50:31 | GroomingJewel84 · tribute_sent a jugador 8 |
| 51:26 | GroomingJewel84 · tribute_sent a jugador 1 |
| 51:26 | GroomingJewel84 · tribute_sent a jugador 2 |
| 51:26 | GroomingJewel84 · tribute_sent a jugador 3 |
| 51:26 | GroomingJewel84 · tribute_sent a jugador 4 |
| 51:26 | GroomingJewel84 · tribute_sent a jugador 5 |
| 51:26 | GroomingJewel84 · tribute_sent a jugador 7 |
| 51:26 | GroomingJewel84 · tribute_sent a jugador 8 |
| 52:03 | IamAlextremo · resign |
[ ANÁLISIS IA · 1 CRÉDITO ]
¿Qué pasó realmente en esta partida?
Wolo.gg analiza cada decisión: build order, eco, micro, errores típicos por bracket. Análisis personalizado por WhatsApp o Discord en 30 segundos.
Guía civ
Malíes
Perfil
Jugador #19258318